 Dungeon Crawl Stone Soup version 0.17-a0-1504-gb7d9117 (webtiles) character file.

526 CipHuK the Grappler (level 7, 0/57 HPs)
             Began as a Naga Transmuter on July 8, 2015.
             Was a Follower of Cheibriados.
             Slain by a big kobold
             ... wielding a +0 short sword
              (4 damage)
             ... in a sewer.
             The game lasted 00:11:42 (4524 turns).

CipHuK the Grappler (Naga Transmuter)               Turns: 4524, Time: 00:11:42

Health: 0/57       AC:  6    Str: 14    XL:     7   Next: 23%
Magic:  10/10      EV: 10    Int: 17    God:    Cheibriados [*.....]
Gold:   246        SH:  0    Dex: 14    Spells: 1 memorised, 9 levels left

rFire  . . .     SeeInvis +       - Unarmed
rCold  . . .     Clarity  .     b - +0 robe
rNeg   . . .     SustAt   .     (no shield)
rPois  +         Gourm    .     g - +0 helmet
rElec  .         Spirit   .     (no cloak)
rCorr  .         Warding  .     w - +1 pair of gloves
rMut   .         Stasis   .     (no barding)
MR     .....                    (no amulet)
Stlth  +.........               (no ring)
                                A - -3 ring of strength (curse)

@: short of breath, very slow, not resistant to hostile enchantments, very
unstealthy
A: see invisible, deformed body, poison resistance, slowness 2, slow metabolism
1, spit poison 2, AC +2
a: Spit Poison, Bend Time, Renounce Religion


You were in a sewer.
You worshipped Cheibriados.
Cheibriados was aware of your devotion.
You were hungry.

You visited 2 branches of the dungeon, and saw 5 of its levels.
You also visited: Sewer.

You collected 246 gold pieces.

Inventory:

Missiles
 a - 36 arrows
 q - 7 tomahawks (quivered)
Armour
 b - a +0 robe (worn)
 g - a +0 helmet (worn)
 w - a +1 pair of gloves (worn)
Jewellery
 A - a cursed -3 ring of strength (left hand)
Magical devices
 i - a wand of cold (4)
 t - a wand of confusion (40)
Scrolls
 j - 2 scrolls of random uselessness {unknown}
 m - 2 scrolls of teleportation {unknown}
 n - a scroll of fear {unknown}
 o - 2 scrolls of remove curse {unknown}
 p - 3 scrolls of recharging {unknown}
 s - a scroll of noise {unknown}
 u - a scroll of fog {unknown}
 x - a scroll of identify {unknown}
 y - a scroll of amnesia {unknown}
 C - a scroll of enchant weapon {unknown}
Potions
 e - a potion of resistance {unknown}
 h - 3 potions of heal wounds
 k - 2 potions of brilliance {unknown}
 l - a potion of poison {unknown}
 v - 4 potions of curing {unknown}
 z - a potion of might {unknown}
 B - 2 potions of flight {unknown}
Books
 c - a book of Changes

   Spells                             Type                      Level
   a - Beastly Appendage              Transmutation                1
   b - Sticks to Snakes               Transmutation                2
   c - Spider Form                    Transmutation/Poison         3
   d - Ice Form                       Ice/Transmutation            4
   e - Blade Hands                    Transmutation                5
Comestibles
 d - 6 bread rations
 f - a fruit
 r - 2 meat rations


   Skills:
 - Level 1.0 Fighting
 - Level 1.5 Dodging
 + Level 8.0 Unarmed Combat
 - Level 2.0 Spellcasting
 - Level 2.0 Transmutations


You had 9 spell levels left.
You knew the following spells:

 Your Spells              Type           Power        Failure   Level  Hunger
a - Beastly Appendage     Trmt           #.....       10%         1    #......


Dungeon Overview and Level Annotations

Branches:
Dungeon (4/15)             Temple (1/1) D:4

Altars:
Ashenzari
Cheibriados
Kikubaaqudgha
Nemelex Xobeh
Qazlal
Sif Muna
Trog
Xom
Lugonu

Shops:
D:4 ?


Innate Abilities, Weirdness & Mutations

You cannot wear boots.
Your serpentine skin is tough (AC +2).
You have supernaturally acute eyesight.
Armour fits poorly on your strangely shaped body.
Your system is resistant to poisons.
You cover ground very slowly.
You have a slow metabolism.
You can spit poison.


Message History

* * * LOW HITPOINT WARNING * * *
You punch the kobold!
You kill the kobold!
Cheibriados appreciates the change of pace.
The kobold misses you.
You hit the kobold.
You kill the kobold!
Cheibriados thoroughly appreciates the change of pace.
The big kobold hits you with a short sword!
* * * LOW HITPOINT WARNING * * *
You barely miss the big kobold.
The big kobold hits you with a short sword.
* * * LOW HITPOINT WARNING * * *
Use which ability? (? or * to list)
Press: ? - help, Shift-Dir - straight line, f - big kobold
Aim: a big kobold, wielding a short sword The splash of poison misses the big kobold.
You feel slightly more hungry.
The big kobold hits you with a short sword.
You die...

#...P..≈≈≈≈≈≈#......#
#......≈≈≈≈≈≈#......#
##....P≈P#≈≈≈#......#
#.(..(≈≈#≈≈≈#≈≈...P#
#......P#≈≈≈#≈≈...##
#.......#≈≈≈≈≈≈...##
#.......#≈≈≈≈≈≈....#
#..))...#≈≈≈#P...###
###@K...#≈≈≈#....#
###''##≈≈≈##''##
?...#≈≈≈#.)).#
#...?#≈≈≈#....#
#!!∩.#≈≈≈#.∩..#
#....#≈≈≈#....#
######≈≈≈######
#≈≈≈'...# #≈≈≈#.∩∩#


You could see a big kobold.

Vanquished Creatures
  2 big kobolds (Sewer)
  2 crimson imps (D:3)
  An orc wizard (D:3)
  An orc priest (D:3)
  Ijyb (D:2)
  Terence (D:3)
  An iguana (D:4)
  4 adders
  4 gnolls (D:3)
  A worm (D:3)
  4 giant geckos
  7 orcs
  2 ball pythons
  5 giant cockroaches
  11 goblins
  13 hobgoblins
  16 kobolds
  A quokka (D:4)
  11 bats
  5 giant newts
  13 rats
106 creatures vanquished.

Notes
Turn   | Place    | Note
--------------------------------------------------------------
     0 | D:1      | CipHuK the Naga Transmuter began the quest for the Orb.
     0 | D:1      | Reached XP level 1. HP: 18/18 MP: 3/3
   292 | D:1      | Reached XP level 2. HP: 25/25 MP: 5/5
   851 | D:1      | Reached skill level 4 in Unarmed Combat
   984 | D:2      | Reached XP level 3. HP: 22/31 MP: 6/6
  1545 | D:2      | Noticed Ijyb
  1563 | D:2      | Killed Ijyb
  1563 | D:2      | Reached XP level 4. HP: 19/38 MP: 7/7
  2031 | D:2      | Reached skill level 5 in Unarmed Combat
  2485 | D:3      | Reached XP level 5. HP: 15/44 MP: 8/8
  2773 | D:3      | Reached skill level 6 in Unarmed Combat
  3236 | D:3      | Found a shimmering altar of Xom.
  3255 | D:3      | Found a shattered altar of Ashenzari.
  3342 | D:3      | Reached XP level 6. HP: 26/51 MP: 9/9
  3745 | D:3      | Noticed Terence
  3762 | D:3      | Killed Terence
  3938 | D:3      | Reached skill level 7 in Unarmed Combat
  4033 | D:4      | Found a staircase to the Ecumenical Temple.
  4041 | Temple   | Entered the Ecumenical Temple
  4066 | Temple   | Became a worshipper of Cheibriados the Contemplative
  4140 | D:4      | Found Qilef's Magic Scroll Emporium.
  4329 | D:4      | Found a glowing drain.
  4335 | Sewer    | Entered a sewer
  4410 | Sewer    | Acquired Cheibriados's first power
  4439 | Sewer    | Reached XP level 7. HP: 44/57 MP: 10/10
  4511 | Sewer    | Reached skill level 8 in Unarmed Combat
  4524 | Sewer    | Slain by a big kobold

Vault maps used:
D:1:      lemuel_arrival_behind_the_door_large
D:2:      solitary_fountain, minmay_misc_feat_four_crosses, grunt_ministairs_13,
          uniq_iyjb
D:3:      led_xom_imps, ashenzari_altar_1, uniq_terence
D:4:      okawaru_trees_2, minmay_temple_entry_grid, serial_shops,
          kennysheep_mini, portal_sewer_entry_e
Temple:   corrupted_temple
Sewer:    kennysheep_pipe_town

Action                   |  1- 3 |  4- 6 |  7- 9 || total
-------------------------+-------+-------+-------++-------
Melee: Unarmed           |   155 |   329 |    30 ||   514
Throw: Tomahawk          |       |     1 |       ||     1
 Abil: Spit Poison       |     3 |    13 |     2 ||    18
  Use: Potion            |       |     2 |     1 ||     3
       Scroll            |       |     2 |       ||     2
  Eat: Chunk             |     1 |     9 |       ||    10
